 Dungeon Crawl Stone Soup version 0.31-a0-182-gc5ef74bbde (webtiles) character file.

Game seed: 205422738708442919

140 frimble the Ruffian (level 5, -13/34 HPs)
             Began as an Octopode Warper on June 21, 2023.
             Engulfed by a cloud of flame (18 damage)
             ... on level 2 of the Dungeon.
             The game lasted 00:01:49 (1372 turns).

frimble the Ruffian (Octopode Warper)               Turns: 1372, Time: 00:01:49

Health: -13/34     AC:  1    Str: 12    XL:     5   Next: 23%
Magic:  6/8        EV: 13    Int: 16    God:
Gold:   68         SH:  0    Dex: 11    Spells: 6/8 levels left

rFire   . .          .
                       - Unarmed
rCold   . . .        (no shield)
rNeg    . . .        (helmet restricted)
rPois   .            (no amulet)
rElec   .            (no ring)
rCorr   .            (no ring)
SInv    .            (no ring)
Will    .....        (no ring)
Stlth   +++          (no ring)
HPRegen 0.25/turn    (no ring)
MPRegen 0.11/turn    (no ring)
                     (no ring)

%: no passive effects
@: very slightly contaminated
A: almost no armour, amphibious, 8 rings, camouflage 1, gelatinous body 1,
(nimble swimmer 1), tentacles
a: no special abilities


You were on level 2 of the Dungeon.
You visited 1 branch of the dungeon, and saw 2 of its levels.

You collected 68 gold pieces.

Inventory:

Missiles
 b - 7 boomerangs of dispersal
 g - 3 poisoned darts (quivered)
Wands
 k - a wand of roots (8)
Scrolls
 a - a scroll of blinking
 c - 6 scrolls of identify {unknown}
 h - a scroll of noise {unknown}
 l - a scroll of enchant weapon {unknown}
Potions
 d - a potion of lignification {unknown}
 e - a potion of heal wounds {unknown}
 f - 2 potions of curing {unknown}
 i - a potion of brilliance {unknown}


   Skills:
 - Level 2.0 Fighting
 + Level 2.5 Throwing
 - Level 2.3 Dodging
 + Level 3.1 Stealth
 + Level 3.9 Unarmed Combat
 - Level 2.0 Spellcasting
 - Level 3.0 Translocations


You had 6 spell levels left.
You knew the following spells:

 Your Spells              Type           Power      Damage    Failure   Level
a - Blink                 Tloc           22%        N/A       9%          2

Your spell library contained the following spells:

 Spells                   Type           Power      Damage    Failure   Level
 Lesser Beckoning         Tloc           22%        N/A       9%          2
 Teleport Other           Tloc           11%        N/A       19%         3
 Vhi's Electric Charge    Tloc/Air       12%        N/A       32%         3
 Manifold Assault         Tloc           11%        N/A       52%         4


Dungeon Overview and Level Annotations

Branches:
Dungeon (2/15)

Altars:

Shops:
D:1 ?

Annotations:
D:2 Robin


Innate Abilities, Weirdness & Mutations

You cannot wear most types of armour.
You are amphibious.
You can wear up to eight rings at the same time.
Your skin changes colour to match your surroundings (Stealth+).
Your rubbery body absorbs attacks. (AC +1, EV +1)
((You are camouflaged when in or above water. (Stealth+)))
You have tentacles for arms and can constrict up to eight enemies at once.


Message History

You kill the ball python!
No target in view!
No target in view!
You open the door.
Robin, 12 goblins, a kobold and a frilled lizard come into view.
The goblin shouts!
The frilled lizard hisses angrily.
The goblin shouts! x4
The hobgoblin shouts!
The goblin shouts!
The hobgoblin shouts! x3
There are monsters nearby!
There are monsters nearby!
Okay, then.
Unknown command.
Really read the scroll of immolation?
As you read the scroll of immolation, it crumbles to dust.
The creatures around you are filled with an inner flame!
Throw: 4 darts (poison)
Press: ? - help, Q - select action, (/) - cycle Shift-Dir - straight line, f - goblin
Aim: a goblin, wielding a +0 dagger (inner flame, 50% to hit)
You throw a poisoned dart.
The poisoned dart barely misses the goblin.
The poisoned dart closely misses the goblin.
The poisoned dart hits the hobgoblin.
Robin shouts!
The goblin shouts!
Robin throws the goblin at you! The goblin closely misses you.
The goblin misses you.
You tentacle-slap the goblin.
Flame seeps out of the goblin.
You grab the goblin.
The goblin is severely wounded.
You constrict the goblin.
The goblin explodes!
The fiery explosion engulfs you!!
Ouch! That really hurt!
* * * LOW HITPOINT WARNING * * *
The goblin closely misses you.
Casting: Blink (safe; 9% risk of failure)
Confirm with . or Enter, or press ? or * to list all spells.
You miscast Blink.
You are very lightly contaminated with residual magic.
Nothing appears to happen.
You are engulfed in blazing flames.
Ouch! That really hurt!
You die...

### # #.. ..# .+ #.##.#
#.# ... #.##.###.# ....
#.##..##.## ....l
#.........# ###
...Kgg####...#.##..###..
..g.ggg@○§..............
...g.g####...#.##..###.#


..ggg #.....†...# #.. ..g. #.##.####.# ### ... #.##.# #.# #+ #.##.####.#
#....†....# ####.###### #.# You could see Robin (inner flame), 4 hobgoblins, 7
goblins, a kobold (inner flame) and a frilled lizard (inner flame).

Vanquished Creatures
  A black bear (D:2)
  An adder (D:2)
  3 bats
  2 endoplasms
  A giant cockroach (D:1)
  4 goblins
  4 hobgoblins (D:1)
  7 jackals
  3 quokkas
  4 ball pythons
  A frilled lizard (D:1)
  3 rats
34 creatures vanquished.

Notes
Turn   | Place    | Note
-------+----------+-------------------------------------------
     0 | D:1      | frimble the Octopode Warper began the quest for the Orb.
     0 | D:1      | Reached XP level 1. HP: 14/14 MP: 3/3
   124 | D:1      | Reached XP level 2. HP: 15/19 MP: 5/5
   160 | D:1      | Found The Oracle's Delphic Readings.
   558 | D:1      | You fall into a shaft and drop 1 floor!
   603 | D:2      | Reached skill level 1 in Stealth
   603 | D:2      | Reached XP level 3. HP: 2/24 MP: 6/6
   703 | D:2      | Noticed a black bear
   713 | D:2      | Killed a black bear
   714 | D:2      | Reached XP level 4. HP: 3/29 MP: 7/7
   714 | D:2      | Reached XP level 5. HP: 4/34 MP: 8/8
   717 | D:2      | Learned a level 2 spell: Blink
  1063 | D:2      | Found a faded altar of an unknown god.
  1368 | D:2      | Noticed Robin
  1372 | D:2      | Engulfed by a cloud of flame

Illustrated notes

Levels and vault maps discovered:
D:1:      nzn_arrival_depleted_hourglass, layout_basic, serial_shops, shop,
          corexii_leaking_fountain, nicolae_nh_oracle_at_delphi
D:2:      layout_loops_corners, hellmonk_ecumenical_altar_blasted, basic_altar,
          uniq_robin

Skill      XL: |  1  2  3 |
---------------+----------+-----
Unarmed Combat | 3 |  3.9
Stealth        | 1 3 |  3.1
Throwing       | 2 |  2.5
Fighting       | |  2.0
Dodging        | |  2.3
Spellcasting   | |  2.0
Translocations | |  3.0

Action                     |  1- 3 |  4- 6 || total
---------------------------+-------+-------++-------
  Melee: Unarmed           |    51 |    27 ||    78
         Constrict         |    14 |     8 ||    22
         Tentacles         |     9 |     8 ||    17
         Punch             |     2 |       ||     2
  Throw: Dart              |     5 |     1 ||     6
    Use: Scroll            |       |     1 ||     1
   Stab: Sleeping          |     3 |     1 ||     4
 Armour: Skin              |     2 |     2 ||     4
  Dodge: Dodged            |    29 |    12 ||    41

Table legend: (Time is in decaauts)
 A = Elapsed time spent in this place.
 B = Non-inter-level travel time spent in this place.
 C = Inter-level travel time spent in this place.
 D = Time resting spent in this place.
 E = Time spent auto-exploring this place.
 F = Levels seen in this place.
 G = Mean time per level.
                   A        B        C        D        E       F      G
               +--------+--------+--------+--------+--------+-----+--------+
         Total |   1366 |   1342 |     24 |      0 |   1150 |   2 |  683.0 |
       Dungeon |   1366 |   1342 |     24 |      0 |   1150 |   2 |  683.0 |
               +--------+--------+--------+--------+--------+-----+--------+

Top non-repeatable levels by time:
     D:2: 810 daAuts
     D:1: 556 daAuts
